 Dungeon Crawl Stone Soup version 0.25.1-9-gc5326a611f (webtiles) character file.

Game seed: 13492114654341504418

1169 H0rd4k the Thaumaturge (level 8, -7/41 HPs)
             Began as a Deep Elf Wizard on Jan 18, 2021.
             Hit by a boomerang thrown by a wight (8 damage)
             ... on level 6 of the Dungeon.
             The game lasted 00:11:04 (7692 turns).

H0rd4k the Thaumaturge (Deep Elf Wizard)            Turns: 7692, Time: 00:11:04

Health: -7/41      AC:  2    Str:  4    XL:     8   Next: 17%
Magic:  19/32      EV: 13    Int: 26    God:
Gold:   164        SH:  0    Dex: 13    Spells: 16/25 levels left

rFire    . . .     SeeInvis .   n - +2 short sword (holy)
rCold    . . .     Gourm    .   (no shield)
rNeg     . . .     Faith    .   a - +0 robe
rPois    +         Spirit   .   b - +0 hat
rElec    .         Reflect  .   (no cloak)
rCorr    .         Harm     .   (no gloves)
MR       .....                  (no boots)
Stlth    ++........             (no amulet)
HPRegen  0.13/turn              m - ring of magical power
MPRegen  0.23/turn              t - ring of poison resistance

@: lightly drained
A: no striking features
a: no special abilities


You were on level 6 of the Dungeon.
You were very hungry.

You visited 1 branch of the dungeon, and saw 6 of its levels.

You collected 164 gold pieces.

Inventory:

Hand Weapons
 n - a +2 short sword of holy wrath (weapon)
Armour
 a - a +0 robe (worn)
 b - a +0 hat (worn)
Jewellery
 m - a ring of magical power (left hand)
 t - a ring of poison resistance (right hand)
Wands
 k - a wand of paralysis (4)
 v - a wand of enslavement (6)
Scrolls
 c - 2 scrolls of teleportation {unknown}
 e - 5 scrolls of identify
 f - 3 scrolls of remove curse
 i - a scroll of magic mapping
 j - 2 scrolls of fog {unknown}
 o - a scroll of enchant weapon {unknown}
 p - a scroll of immolation {unknown}
 r - 2 scrolls of enchant armour {unknown}
Potions
 g - a potion of lignification
 h - a potion of resistance
 l - 3 potions of curing
 q - a potion of berserk rage {unknown}
 s - a potion of heal wounds {unknown}
 u - a potion of degeneration {unknown}
Comestibles
 d - 11 rations


   Skills:
 + Level 3.3(3.2) Dodging
 + Level 3.1(3.0) Stealth
 + Level 9.1(9.0) Spellcasting
 + Level 6.6(6.5) Conjurations
   Level 1.1(1.0) Summonings
 + Level 1.5(1.4) Translocations
 + Level 2.2(2.1) Fire Magic
 + Level 1.3(1.2) Air Magic
 + Level 1.9(1.8) Poison Magic


You had 16 spell levels left.
You knew the following spells:

 Your Spells              Type           Power        Failure   Level  Hunger
a - Magic Dart            Conj           ####         1%          1    None
b - Blink                 Tloc           N/A          4%          2    None
c - Conjure Flame         Conj/Fire      ####....     2%          3    None
d - Mephitic Cloud        Conj/Pois/Air  ####....     4%          3    None

Your spell library contained the following spells:

 Spells                   Type           Power        Failure   Level  Hunger
 Call Imp                 Summ           ###.....     4%          2    None
 Slow                     Hex            ##......     8%          2    None


Dungeon Overview and Level Annotations

Branches:
Dungeon (6/15)
 Temple: D:4-7

Altars:
Ru
Trog
The Shining One

Annotations:
D:2 exclusion: downstairs
D:4 1 runed translucent door, OneTabMan's ghost, novice FoWn


Message History

Aim: a wight, wielding a +5 spear and wearing a +0 robe (lightly damaged)
The magic dart hits the wight.
The wight is lightly damaged.
Casting: Magic Dart (safe; 1% risk of failure)
Confirm with . or Enter, or press ? or * to list all spells.
Aiming: Magic Dart (safe; 1% risk of failure)
Press: ? - help, Shift-Dir - straight line, f/p - wight
Aim: a wight, wielding a +5 spear and wearing a +0 robe (lightly damaged)
The magic dart hits the wight!
The wight is severely damaged.
A giant cockroach comes into view.
A wight comes into view. It is wielding a +0 falchion.
The wight throws a boomerang.
The boomerang hits you!
* * * LOW HITPOINT WARNING * * *
The wight hits you from afar with a +5 spear!
* * * LOW HITPOINT WARNING * * *
Casting: Magic Dart (safe; 1% risk of failure)
Confirm with . or Enter, or press ? or * to list all spells.
You blink.
The wight throws a boomerang.
The boomerang hits you!
You die...

.......# ..
#.........# .
#.........# .#
#.........##.
#?..........
....s.!...# ..
#####z......#<# ..
#...#......#..#.###
#.....@............a
#...#.####...##.####
#. .z.####........#
##.##...z###.##...
#.##...##........
#§##.............
#☼##............
#z.....#........
#...........##.....


You could see 2 wights and a giant cockroach.

Vanquished Creatures
  A sky beast (D:5)
  A phantom (D:4)
  A necrophage (D:5)
  A centaur (D:5)
  A gnoll sergeant (D:5)
  2 howler monkeys
  A bullfrog zombie (D:5)
  A centaur zombie (D:5)
  A hound (D:5)
  5 orc priests
  2 jellies
  2 orc wizards
  2 iguanas
  A worker ant (D:5)
  A hound zombie (D:5)
  7 gnolls
  3 adders
  An ooze (D:1)
  3 worms (D:3)
  2 dart slugs
  8 leopard geckos
  21 orcs
  2 ball pythons (D:1)
  4 giant cockroaches
  14 goblins
  7 hobgoblins
  2 jackals (D:1)
  A quokka (D:3)
  4 bats
  4 frilled lizards
  A jackal skeleton (D:4)
  6 kobolds
  10 rats
123 creatures vanquished.

Notes
Turn   | Place    | Note
-------+----------+-------------------------------------------
     0 | D:1      | H0rd4k the Deep Elf Wizard began the quest for the Orb.
     0 | D:1      | Reached XP level 1. HP: 10/10 MP: 7/7
     3 | D:1      | Noticed an electric eel
     3 | D:1      | Noticed an electric eel
   388 | D:1      | Reached skill level 5 in Spellcasting
   388 | D:1      | Reached XP level 2. HP: 15/15 MP: 6/10
  1273 | D:1      | Reached XP level 3. HP: 19/19 MP: 2/12
  1279 | D:1      | Learned a level 2 spell: Blink
  1283 | D:1      | Learned a level 3 spell: Conjure Flame
  1287 | D:1      | Learned a level 3 spell: Mephitic Cloud
  2491 | D:2      | Reached XP level 4. HP: 24/24 MP: 4/13
  2898 | D:2      | Reached skill level 1 in Fire Magic
  3950 | D:3      | Reached skill level 1 in Air Magic
  4381 | D:3      | Reached skill level 1 in Poison Magic
  4500 | D:3      | Reached XP level 5. HP: 18/28 MP: 9/15
  4676 | D:3      | Reached skill level 6 in Spellcasting
  4792 | D:3      | Found a glowing golden altar of the Shining One.
  5403 | D:4      | Reached XP level 6. HP: 32/32 MP: 17/17
  5594 | D:4      | Found a bloodstained altar of Trog.
  5684 | D:4      | Reached skill level 7 in Spellcasting
  5734 | D:4      | Found a runed translucent door.
  5734 | D:4      | Noticed OneTabMan's ghost (novice FoWn)
  5835 | D:4      | Reached skill level 5 in Conjurations
  6198 | D:5      | Entered Level 5 of the Dungeon
  6255 | D:5      | Reached XP level 7. HP: 36/36 MP: 19/19
  6441 | D:5      | Reached skill level 8 in Spellcasting
  6651 | D:5      | Found a sacrificial altar of Ru.
  6989 | D:5      | Reached skill level 9 in Spellcasting
  6989 | D:5      | Reached XP level 8. HP: 41/41 MP: 20/23
  7691 | D:6      | HP: 1/41 [wight/+5 spear (11)]
  7692 | D:6      | Hit by a boomerang thrown by a wight

Illustrated notes

Levels and vault maps discovered:
D:1:      arrival_aquarium_b, layout_basic
D:2:      minmay_skewed_foursquare, layout_basic
D:3:      layout_rooms, nicolae_tso_carved_into_rock, first_ration
D:4:      layout_basic, ebering_ghost_reflecting_pool, trog_book
D:5:      layout_loops_corners, basic_altar, chequers_big_river
D:6:      layout_rooms, uniq_edmund, uniq_menkaure

Skill      XL: |  1  2  3  4  5  6  7  8 |
---------------+-------------------------+-----
Spellcasting   | 5 6 7 9 |  9.1
Conjurations   | 2 4 5 6 |  6.6
Fire Magic     | 1 2 |  2.2
Air Magic      | 1 |  1.3
Poison Magic   | 1 |  1.9
Dodging        | 3 |  3.3
Stealth        | 3 |  3.1
Summonings     | |  1.1
Translocations | |  1.5

Action                   |  1- 3 |  4- 6 |  7- 9 || total
-------------------------+-------+-------+-------++-------
Melee: Unarmed           |     1 |       |       ||     1
 Cast: Magic Dart        |   119 |   240 |    88 ||   447
       Conjure Flame     |     2 |     3 |     8 ||    13
       Mephitic Cloud    |       |     3 |     8 ||    11
       Blink             |       |       |     4 ||     4
  Use: Scroll            |       |     6 |       ||     6
  Eat: Chunk             |     5 |    11 |     3 ||    19
Armor: Robe              |     2 |     5 |     2 ||     9
Dodge: Dodged            |    36 |    33 |     9 ||    78
